 Dungeon Crawl Stone Soup version 0.25-a0-681-gdf4e720381 (webtiles) character file.

Game seed: 9992628471376956445, levelgen mode: classic

110116 EnegeticOcto the Cryomancer (level 16, 0/122 HPs)
             Began as a Barachi Ice Elementalist on Mar 30, 2020.
             Was the Champion of Ashenzari.
             Killed from afar by an ogre mage (54 damage)
             ... with a crystal spear
             ... on level 15 of the Dungeon.
             The game lasted 01:00:34 (32738 turns).

EnegeticOcto the Cryomancer (BaIE)                 Turns: 32738, Time: 01:00:34

Health: 0/122      AC: 12    Str:  7    XL:     16   Next: 54%
Magic:  13/30      EV: 18    Int: 22    God:    Ashenzari [******]
Gold:   2578       SH:  2    Dex:  8    Spells: 19/35 levels left

rFire    . . .     SeeInvis +   O - +1 halberd "Giamis" {pain, +Blink rN+} (curse)
rCold    + . .     Gourm    .   (shield currently unavailable)
rNeg     + . .     Faith    .   D - +3 leather armour "Ysuz" {rPois Str+2 SInv} (curse)
rPois    +         Spirit   .   j - +0 helmet
rElec    +         Reflect  +   s - +1 cloak
rCorr    .         Harm     .   C - +0 pair of gloves
MR       +....     Clarity  +   H - +0 pair of boots
Stlth    ++........             L - +2 amulet of reflection
HPRegen  0.30/turn              t - ring of protection from cold (curse)
MPRegen  0.22/turn              u - ring "Koawko Vosk" {rElec EV+5 Str-5 Dex-5 SInv} (curse)

@: frozen ramparts, slow
A: +LOS, swims, slowness 1, strong legs 2
a: Hop, Curse Item, Scrying, Transfer Knowledge, Renounce Religion, Evoke Blink


You were on level 15 of the Dungeon.
You worshipped Ashenzari.
Ashenzari was exalted by your worship.
You were not hungry.

You visited 4 branches of the dungeon, and saw 24 of its levels.

You collected 2578 gold pieces.

Inventory:

Hand Weapons
 w - a +2 dagger of distortion
 K - a +5 dagger of chaos
 O - the cursed +1 halberd "Giamis" (weapon) {pain, +Blink rN+}
   (You took it off an orc priest on level 9 of the Dungeon)

   In the hands of one skilled in necromantic magic, it inflicts extra damage on
   living creatures.
   It protects you from negative energy.
   It lets you blink.
   It has a curse placed upon it.
Missiles
 h - 7 atropa-tipped darts
 o - 110 poisoned darts (quivered)
 B - 4 curare-tipped darts
 J - 2 throwing nets {!f}
Armour
 j - a +0 helmet (worn)
 s - a +1 cloak (worn)
 C - a +0 pair of gloves (worn)
 D - the cursed +3 leather armour "Ysuz" (worn) {rPois Str+2 SInv}
   (You found it on level 5 of the Dungeon)

   It affects your strength (+2).
   It protects you from poison.
   It lets you see invisible.
   It has a curse placed upon it.
 H - a +0 pair of boots (worn)
 P - a +0 troll leather armour
Jewellery
 t - a cursed ring of protection from cold (left hand)
 u - the cursed ring "Koawko Vosk" (right hand) {rElec EV+5 Str-5 Dex-5 SInv}
   (You found it on level 10 of the Dungeon)

   [ring of evasion]

   It affects your evasion (+5).
   It affects your strength (-5).
   It affects your dexterity (-5).
   It insulates you from electricity.
   It lets you see invisible.
   It has a curse placed upon it.
 F - an uncursed ring of resist corrosion
 L - a +2 amulet of reflection (around neck)
 R - an uncursed ring of protection from fire
 Z - the ring of Starshine {+Inv +Fly MP+9}
   (You found it on level 15 of the Dungeon)

   [ring of magical power]

   It affects your magic capacity (+9).
   It lets you turn invisible.
   It lets you fly.
Wands
 b - a wand of acid (14) {@v1}
 g - a wand of disintegration (26)
 l - a wand of paralysis (27)
 x - a wand of iceblast (28) {@v2}
 I - a wand of polymorph (15)
 U - a wand of digging (6) {@v3}
 X - a wand of flame (15) {@v4}
Scrolls
 a - 2 scrolls of immolation
 d - 11 scrolls of teleportation {@r3 !r}
 i - a scroll of silence
 m - 4 scrolls of amnesia
 r - 3 scrolls of fear {!r}
 y - 4 scrolls of identify {@r1}
 z - 4 scrolls of enchant weapon
 G - 5 scrolls of fog {!r}
 M - a scroll of enchant armour
 Q - 4 scrolls of blinking {@r4}
 T - 3 scrolls of remove curse {@r2}
 V - a scroll of holy word
 W - a scroll of brand weapon
Potions
 c - 6 potions of curing {@q1 !q}
 f - 4 potions of lignification {@q6}
 n - 5 potions of might {@q3 !q}
 p - a potion of resistance
 q - 4 potions of brilliance
 v - 4 potions of magic
 A - 6 potions of haste {@q4 !q}
 E - a potion of invisibility
 N - 3 potions of ambrosia
 S - 2 potions of mutation
 Y - a potion of cancellation
Comestibles
 e - 21 rations
 k - 6 chunks of flesh


   Skills:
 + Level 10.0 Fighting
 - Level 4.1 Armour
 + Level 6.1 Dodging
 - Level 3.1 Stealth
 + Level 10.0 Spellcasting
 - Level 8.1(11.1) Summonings
 - Level 8.1(11.1) Necromancy
 - Level 22.9(25.0) Ice Magic
 - Level 6.0(9.1) Evocations


You had 19 spell levels left.
You knew the following spells:

 Your Spells              Type           Power        Failure   Level  Hunger
a - Freeze                Ice            ####         0%          1    None
b - Frozen Ramparts       Ice            ######       0%          3    None
c - Summon Ice Beast      Ice/Summ       ######..     1%          4    ##.....
d - Apportation           Tloc           ##....       8%          1    None
e - Hailstorm             Conj/Ice       ######..     1%          4    ##.....
g - Animate Skeleton      Necr           N/A          1%          1    None
R - Swiftness             Chrm/Air       ##......     12%         2    None

Your spell library contained the following spells:

 Spells                   Type           Power        Failure   Level  Hunger
 Summon Small Mammal      Summ           ####         1%          1    None
 Ozocubu's Armour         Chrm/Ice       ######..     1%          3    None
 Corona                   Hex            ##.....      8%          1    None
 Shock                    Conj/Air       ##..         8%          1    None
 Sting                    Tmut/Pois      ##..         8%          1    None
 Poisonous Vapours        Pois/Air       ##....       12%         2    None
 Ignite Poison            Fire/Tmut/Pois ##......     22%         3    None
 Mephitic Cloud           Conj/Pois/Air  ##......     22%         3    None
 Static Discharge         Conj/Air       ##......     22%         3    None
 Airstrike                Air            ##........   58%         4    ##.....
 Olgreb's Toxic Radiance  Pois           ##......     58%         4    ##.....
 Lightning Bolt           Conj/Air       ##........   91%         5    ####...


Dungeon Overview and Level Annotations

Branches:
Dungeon (15/15)            Temple (1/1) D:6            Lair (6/6) D:10
 Shoals (0/4) Lair:4        Snake (0/4) Lair:2        Slime (0/5) Lair:5
    Orc (2/2) D:10            Elf (0/3) Orc:2        Vaults (0/5) D:13
 Depths: D:15

Altars:
Ashenzari
Cheibriados
Dithmenos
Elyvilon
Fedhas
Kikubaaqudgha
Makhleb
Okawaru
Sif Muna
Trog
Vehumet
Wu Jian
Xom
Yredelemnul
Zin
Beogh
Jiyva

Shops:
Orc:2 }*%:

Annotations:
D:13 1 runed translucent door, Goumeb's ghost, journeyman MiFi
Lair:1 exclusion: oklob plant


Innate Abilities, Weirdness & Mutations

You can be seen from farther away. (+LOS)
You can swim through water.
You cover ground slowly.
You can hop long distances.


Message History

You now have 2578 gold pieces (gained 16).
Your ice beast disappears in a puff of smoke!
Your ice beast disappears in a puff of smoke!
The teleport trap disappears.
The human disappears!
Magic restored.
The teleport trap disappears.
The human disappears!
You butcher the hog corpse.
Your pack is full.
Things that are here:
a chunk of flesh; a hog skeleton Your pack is full.
Things that are here:
a chunk of flesh; a hog skeleton Your pack is full.
Things that are here:
a chunk of flesh; a hog skeleton Could not pick up an item here; shall I ignore it?
Okay, then.
Drop what? 52/52 slots (_ for help) (? for menu, Esc to quit)
Autopickup disabled for potions of flight.
You drop 6 potions of flight.
k - a chunk of flesh
Things that are here:
6 potions of flight; a hog skeleton
There is an open door here.
You butcher the two-headed ogre corpse.
k - 6 chunks of flesh (gained 5)
Things that are here:
a +0 giant club; a +0 dire flail; a two-headed ogre skeleton
Things that are here:
a +0 giant club; a +0 dire flail; a two-headed ogre skeleton You sense a monster nearby.
You open the door.
A yaktaur captain comes into view.
Found 30 arrows.
There is an open door here.
Casting: Hailstorm (safe; 1% risk of failure)
Confirm with . or Enter, or press ? or * to list all spells.
A chill wind blows around you.
Casting: Summon Ice Beast (safe; 1% risk of failure)
Confirm with . or Enter, or press ? or * to list all spells.
A chill wind blows around you.
An arrow appears from out of your range of vision.
The arrow hits your ice beast!
A vampire mosquito comes into view.
An arrow appears from out of your range of vision.
The arrow hits your ice beast!
A centaur warrior comes into view. It is wielding a +0 shortbow.
The centaur warrior shoots an arrow.
The arrow barely misses your ice beast. The arrow hits you!!
The vampire mosquito bites your ice beast but does no damage.
An ogre mage comes into view.
Your ice beast closely misses the vampire mosquito.
Your ice beast hits the vampire mosquito.
Your ice beast freezes the vampire mosquito!
The vampire mosquito bites your ice beast!
The centaur warrior shoots an arrow.
The arrow barely misses your ice beast. The arrow misses you.
The vampire mosquito bites your ice beast but does no damage.
Your ice beast closely misses the vampire mosquito.
Your ice beast hits the vampire mosquito.
The vampire mosquito is destroyed!
Casting: Summon Ice Beast (safe; 1% risk of failure)
Confirm with . or Enter, or press ? or * to list all spells.
The walls around you are covered in ice.
A large rock appears from out of your range of vision.
The large rock hits your ice beast but does no damage.
The centaur warrior shoots an arrow.
The arrow hits your ice beast!!
Your ice beast dies!
A large rock appears from out of your range of vision.
The large rock barely misses your ice beast.
The centaur warrior shoots an arrow.
The arrow hits your ice beast!
A two-headed ogre comes into view. It is wielding two +0 giant clubs.
The centaur warrior shoots an arrow.
The arrow hits your ice beast!!
You hear two shouts!
Evoke which item? (* to show all) (? for menu, Esc to quit)
Okay, then.
Casting: Frozen Ramparts (safe; 0% risk of failure)
Confirm with . or Enter, or press ? or * to list all spells.
A chill wind blows around you.
A two-headed ogre comes into view.
It is wielding two +0 giant spiked clubs.
The centaur warrior shoots an arrow.
The arrow hits your ice beast!
A large rock appears from out of your range of vision.
The large rock hits your ice beast!
Your ice beast dies!
You hear a shout!
Casting: Summon Ice Beast (safe; 1% risk of failure)
Confirm with . or Enter, or press ? or * to list all spells.
A chill wind blows around you.
The ogre mage gestures at you while chanting.
The bolt of fire hits you!! The bolt of fire hits your ice beast!!!
Your ice beast melts!
The centaur warrior shoots an arrow.
The arrow hits you!
You hear a shout!
The yaktaur captain shouts!
The centaur warrior shoots an arrow.
The arrow hits you!
The ogre mage gestures at you while chanting.
The crystal spear hits you!!!
You die...

####### ##.....##
#.......# ### #
#..!....# *#.?##
######'###'######...⌠##
.##..)........##Y..c.(#
+#.......#.....#@##,,,*
.....#.........Y((# *
..........#.....(('.#
......#.........O(###
.p.........#..#....#*
#......#.......#.c...**
............#.........**
........#......OO......
....................≈≈≈.
*


You could see a yaktaur captain, a centaur warrior, 2 two-headed ogres, an ogre
mage and 2 friendly ice beasts.

Vanquished Creatures
  Kirke (D:15)
  An ironheart preserver (D:13)
  Nessos (D:13)
  A fire dragon (Lair:2)
  Josephine (D:11)
  Fannar (Lair:2)
  A hydra (Lair:6)
  Harold (Lair:1)
  4 centaur warriors
  A vault guard (D:15)
  4 two-headed ogres
  A death knight (D:12)
  4 death yaks
  4 orc high priests
  2 unseen horrors
  A phantasmal warrior (D:12)
  6 orc knights
  A deep elf mage (D:12)
  3 cyclopes
  An ugly thing (D:13)
  2 manticores (D:13)
  6 orc sorcerers (Orc:2)
  7 elephants (Lair:4)
  A black mamba (Lair:6)
  3 merfolk sirens (Lair:4)
  Joseph (D:8)
  Psyche (D:8)
  A torpor snail (Lair:1)
  4 centaur skeletons
  2 gargoyles
  25 spiny frogs
  A rime drake (Lair:4)
  2 freezing wraiths (D:12)
  8 komodo dragons
  3 meliai (D:13)
  7 trolls
  A polar bear (Lair:6)
  A merfolk (Lair:4)
  2 hornets
  3 slime creatures (D:13)
  4 tyrant leeches (Lair:6)
  8 hippogriffs
  13 blink frogs
  A spriggan (D:8)
  A shadow (D:15)
  4 wraiths
  2 wyverns
  A water elemental (D:11)
  A hog (D:15)
  40 yaks
  5 basilisks
  Eustachio (D:5)
  Grum (D:8)
  9 vampire mosquitoes
  3 nagas (Lair:2)
  An acid dragon (D:14)
  5 wargs
  6 water moccasins
  7 porcupines
  A floating eye (D:15)
  30 orc warriors
  5 black bears
  2 ice beasts
  5 sky beasts
  5 necrophages
  2 phantoms
  A boggart (D:13)
  22 wolves
  13 ogres
  11 crocodiles
  9 centaurs
  4 big kobolds
  23 bullfrogs
  A wyvern skeleton (D:13)
  4 scorpions
  12 killer bees
  8 wights
  7 howler monkeys
  10 electric eels
  7 crimson imps
  A bullfrog zombie (D:9)
  6 quasits
  5 jellies
  21 orc priests
  10 hounds
  5 bullfrog skeletons
  Crazy Yiuf (D:2)
  2 gnoll shamans
  Ijyb (D:3)
  2 hell rats (Lair:2)
  41 orc wizards
  5 worker ants
  A killer bee zombie (D:7)
  11 adders
  13 gnolls
  10 river rats (Lair:2)
  2 shadow imps
  2 oozes
  2 worms (D:2)
  2 dart slugs (D:3)
  7 leopard geckos
  91 orcs
  2 ball pythons (D:1)
  2 bats
  4 giant cockroaches
  9 goblins
  8 hobgoblins
  21 jackals
  3 quokkas
  6 frilled lizards
  25 kobolds
  A quokka skeleton (D:9)
  6 rats
  2 fungi
746 creatures vanquished.

Vanquished Creatures (collateral kills)
  A sphinx (D:15)
  3 hydras
  A catoblepas (Lair:2)
  2 two-headed ogres
  2 death yaks
  Urug (Lair:2)
  2 orc knights (Orc:2)
  An ugly thing (D:12)
  An elephant (Lair:4)
  A cyclops (D:11)
  5 spiny frogs
  A komodo dragon (Lair:6)
  2 trolls
  7 blink frogs
  4 hippogriffs
  A tyrant leech (Lair:6)
  A slime creature (D:13)
  A basilisk (Lair:1)
  A wraith (D:11)
  A hog (D:15)
  2 hungry ghosts
  2 vampire mosquitoes
  2 necrophages (Lair:3)
  3 ice beasts
  5 bullfrogs
  A wyvern skeleton (D:10)
  A killer bee (D:9)
  4 wights (D:8)
  An electric eel (D:10)
  A howler monkey (D:9)
  A bullfrog zombie (D:8)
  A hound (D:10)
  2 orc wizards
  A leopard gecko (D:9)
  An orc (Orc:1)
  A kobold (D:10)
68 creatures vanquished.

Vanquished Creatures (others)
  A centaur skeleton (D:15)
  3 humans (D:15)
  A centaur (D:13)
  20 fungi
  57 plants
82 creatures vanquished.

Grand Total: 896 creatures vanquished

Notes
Turn   | Place    | Note
-------+----------+-------------------------------------------
     0 | D:1      | EnegeticOcto the Barachi Ice Elementalist began the quest
                  | for the Orb.
     0 | D:1      | Reached XP level 1. HP: 13/13 MP: 3/3
    98 | D:1      | Reached skill level 5 in Ice Magic
   166 | D:1      | Reached XP level 2. HP: 19/19 MP: 0/5
   741 | D:1      | Reached XP level 3. HP: 24/24 MP: 6/6
   746 | D:1      | Learned a level 3 spell: Frozen Ramparts
   747 | D:1      | Reached skill level 6 in Ice Magic
  1205 | D:2      | Found a snail-covered altar of Cheibriados,
  2223 | D:2      | Found a runed translucent door,
  2224 | D:2      | Noticed Crazy Yiuf
  2233 | D:2      | Killed Crazy Yiuf
  2233 | D:2      | Reached XP level 4. HP: 30/30 MP: 0/7
  2332 | D:3      | Noticed Ijyb
  2338 | D:3      | Killed Ijyb
  2338 | D:3      | Reached skill level 7 in Ice Magic
  2806 | D:3      | Reached XP level 5. HP: 30/35 MP: 8/8
  2891 | D:3      | Found a burning altar of Makhleb,
  3520 | D:4      | Noticed an ogre
  3525 | D:4      | Reached skill level 8 in Ice Magic
  3526 | D:4      | Killed an ogre
  3526 | D:4      | Reached XP level 6. HP: 41/41 MP: 2/9
  3601 | D:4      | Reached skill level 9 in Ice Magic
  3748 | D:4      | Reached XP level 7. HP: 26/46 MP: 6/10
  4343 | D:5      | Entered Level 5 of the Dungeon
  4356 | D:5      | Reached skill level 10 in Ice Magic
  4485 | D:5      | Reached skill level 1 in Fighting
  4485 | D:5      | Reached skill level 1 in Armour
  4537 | D:5      | Noticed Eustachio
  4561 | D:5      | Killed Eustachio
  4710 | D:5      | Got a jewelled leather armour
  4776 | D:5      | Learned a level 4 spell: Summon Ice Beast
  4882 | D:5      | Found an iron altar of Okawaru,
  5184 | D:5      | Reached XP level 8. HP: 58/58 MP: 13/13
  5751 | D:6      | Reached skill level 5 in Fighting
  5761 | D:6      | Reached skill level 5 in Spellcasting
  5931 | D:6      | Reached skill level 1 in Summonings
  5977 | D:6      | Reached skill level 1 in Evocations
  6048 | D:6      | Reached XP level 9. HP: 68/68 MP: 12/16
  6120 | D:6      | Found a staircase to the Ecumenical Temple,
  6131 | Temple   | Entered the Ecumenical Temple
  6140 | Temple   | Became a worshipper of Ashenzari the Shackled
  6161 | D:6      | Identified the +3 leather armour "Ysuz" {rPois Str+2 SInv}
                  | (You found it on level 5 of the Dungeon)
  6607 | D:7      | Learned a level 1 spell: Apportation
  7468 | D:7      | Reached skill level 5 in Summonings
  7490 | D:7      | Found a shadowy altar of Dithmenos,
  7499 | D:7      | Found a glowing silver altar of Zin,
  7822 | D:8      | Found a shimmering blue altar of Sif Muna,
  7822 | D:8      | Noticed Joseph
  7832 | D:8      | Killed Joseph
  7931 | D:8      | Noticed Grum
  7941 | D:8      | Killed Grum
  7941 | D:8      | Reached XP level 10. HP: 28/75 MP: 12/17
  9077 | D:8      | Noticed Psyche
  9087 | D:8      | Killed Psyche
  9087 | D:8      | Reached skill level 5 in Dodging
  9087 | D:8      | Reached skill level 11 in Ice Magic
  9273 | D:8      | Found an ornate altar of the Wu Jian Council,
  9408 | D:8      | Learned a level 4 spell: Hailstorm
  9498 | D:9      | Reached * piety under Ashenzari
  9981 | D:9      | Identified the cursed +1 halberd "Giamis" {pain, +Blink
                  | rN+}
 10017 | D:9      | Noticed a two-headed ogre
 10025 | D:9      | Killed a two-headed ogre
 10347 | D:9      | Reached skill level 12 in Ice Magic
 10347 | D:9      | Reached XP level 11. HP: 74/86 MP: 15/18
 10711 | D:10     | Entered Level 10 of the Dungeon
 10736 | D:10     | Learned a level 2 spell: Swiftness
 10738 | D:10     | Learned a level 1 spell: Animate Skeleton
 10898 | D:10     | Reached skill level 1 in Necromancy
 11121 | D:10     | Found a staircase to the Lair,
 11555 | D:10     | Noticed a cyclops
 11570 | D:10     | Reached skill level 5 in Evocations
 11586 | D:10     | Noticed a two-headed ogre
 11654 | D:10     | Noticed a centaur warrior
 11659 | D:10     | Identified the ring "Koawko Vosk" {rElec EV+5 Str-5 Dex-5
                  | SInv}
 11789 | D:10     | Found a staircase to the Orcish Mines,
 11955 | D:10     | Killed a centaur warrior
 12404 | D:10     | Killed a two-headed ogre
 12595 | D:10     | Killed a cyclops
 12595 | D:10     | Reached skill level 13 in Ice Magic
 13026 | Lair:1   | Entered Level 1 of the Lair of Beasts
 13082 | Lair:1   | Noticed an oklob plant
 13220 | Lair:1   | Noticed Harold
 13234 | Lair:1   | Killed Harold
 13234 | Lair:1   | Reached XP level 12. HP: 91/91 MP: 6/22
 13439 | Lair:1   | Reached ** piety under Ashenzari
 13981 | Lair:1   | Reached skill level 5 in Necromancy
 14309 | Lair:1   | Noticed a death yak
 14319 | Lair:1   | Killed a death yak
 14404 | Lair:1   | Noticed a death yak
 14413 | Lair:1   | Killed a death yak
 14594 | Lair:2   | Noticed Fannar
 14604 | Lair:2   | Found a staircase to the Snake Pit,
 14706 | Lair:2   | Noticed Urug
 14791 | Lair:2   | Killed Urug
 15239 | Lair:2   | Reached *** piety under Ashenzari
 15445 | Lair:2   | Killed Fannar
 15446 | Lair:2   | Noticed a catoblepas
 15463 | Lair:2   | Killed a catoblepas
 15798 | Lair:2   | Noticed a fire dragon
 15821 | Lair:2   | Killed a fire dragon
 15970 | Lair:2   | Identified the +1 robe of the Kangaroo {rF+ MR+}
 16400 | Lair:3   | Gained mutation: You can hop long distances. [Barachi
                  | growth]
 16400 | Lair:3   | Reached XP level 13. HP: 67/100 MP: 21/25
 17038 | Lair:3   | Reached skill level 10 in Fighting
 17229 | Lair:3   | Reached skill level 10 in Spellcasting
 17681 | Lair:4   | Reached skill level 14 in Ice Magic
 18283 | Lair:4   | Reached **** piety under Ashenzari
 18444 | Lair:4   | Reached skill level 15 in Ice Magic
 19369 | Lair:4   | Found a staircase to the Shoals,
 19781 | Lair:5   | Reached skill level 16 in Ice Magic
 19909 | Lair:5   | Reached skill level 17 in Ice Magic
 19909 | Lair:5   | Reached XP level 14. HP: 109/109 MP: 28/28
 20301 | Lair:5   | Found a viscous altar of Jiyva,
 20301 | Lair:5   | Found a staircase to the Slime Pits,
 20738 | Lair:6   | Entered Level 6 of the Lair of Beasts
 20772 | Lair:6   | Reached skill level 18 in Ice Magic
 20775 | Lair:6   | Reached XP level 15. HP: 66/114 MP: 19/29
 21935 | Lair:6   | Reached ***** piety under Ashenzari
 21948 | Lair:6   | Reached skill level 19 in Ice Magic
 23673 | D:11     | Noticed Josephine
 24164 | D:11     | Killed Josephine
 24164 | D:11     | Reached skill level 20 in Ice Magic
 25902 | D:12     | Found a blossoming altar of Fedhas,
 26322 | Orc:1    | Entered Level 1 of the Orcish Mines
 26712 | Orc:1    | Found a roughly hewn altar of Beogh,
 26905 | Orc:1    | Found a bloodstained altar of Trog,
 27012 | Orc:2    | Entered Level 2 of the Orcish Mines
 27241 | Orc:2    | Found a staircase to the Elven Halls,
 27447 | Orc:2    | Reached skill level 21 in Ice Magic
 27889 | Orc:1    | Reached ****** piety under Ashenzari
 28350 | Orc:2    | Found Koufyjuz's Gadget Shoppe,
 28461 | Orc:2    | Reached XP level 16. HP: 87/122 MP: 26/30
 28962 | Orc:2    | Found Nyrot's Food Shop,
 28967 | Orc:2    | Found Zawiniar's Book Shop,
 28969 | Orc:2    | Found Sofav's General Store,
 29250 | D:13     | Identified the +1 leather armour of the Loofah {Str+4
                  | Int+4}
 29695 | D:13     | Reached skill level 22 in Ice Magic
 30137 | D:13     | Found a gate to the Vaults,
 31027 | D:13     | Noticed Nessos
 31037 | D:13     | Killed Nessos
 31111 | D:13     | Found a runed translucent door,
 31111 | D:13     | Found a shimmering altar of Xom,
 31111 | D:13     | Noticed Goumeb's ghost (journeyman MiFi)
 32250 | D:15     | Entered Level 15 of the Dungeon
 32358 | D:15     | Paralysed by a floating eye for 2 turns
 32469 | D:15     | Noticed a sphinx
 32474 | D:15     | Killed a sphinx
 32607 | D:15     | Noticed Kirke
 32608 | D:15     | Identified the ring of Starshine {+Inv +Fly MP+9}
 32611 | D:15     | Killed Kirke
 32738 | D:15     | Killed from afar by an ogre mage

Levels and vault maps discovered:
D:1:      nagdon_arrival_double_spiral, layout_loops_ring, serial_glass,
          glass_columns_c, glass_columns_a, minmay_misc_feat_chi, hex_medium,
          minmay_misc_feat_room, minmay_pentomino_p2
D:2:      layout_loops_ring, lemuel_doored_altar, first_ration, minmay_tripent,
          uniq_crazy_yiuf_cottage
D:3:      layout_basic, bloody_makhleb, minmay_cut_off, uniq_ijyb
D:4:      layout_loops_ring
D:5:      layout_loops_corners, okawaru_trees_1, minmay_strange_pillars,
          uniq_eustachio
D:6:      layout_gridville, minmay_temple_entry_mist
D:7:      layout_loops_ring, amethyst_overflow_temple_binary,
          minmay_statues_item
D:8:      layout_loops_ring, kennysheep_mini, basic_altar, the_bakery,
          uniq_psyche, uniq_grum, uniq_joseph
D:9:      layout_long_grid
D:10:     layout_roguey, erik_lair_island, david_orc_1_choice,
          minmay_fractal_squares_gapless_7
D:11:     layout_loops_ring, serial_bayou, serial_bayou_pond_c,
          serial_bayou_crossing, serial_bayou_pond_e, serial_bayou_ford_a,
          nicolae_twisting_strands, uniq_josephine
D:12:     minmay_curly_fans, layout_small_grid, basic_altar, st_stairs_8,
          minmay_misc_feat_doors
D:13:     layout_basic, skrybe_vaults_entry_preservation, ebering_ghost_xom,
          hangedman_abyss_or_decor_jellyfish_corner, drop_trap, uniq_nessos
D:14:     layout_loops_cross, minmay_misc_feat_secret_circle
D:15:     hangedman_spin_cycle, uniq_agnes
Temple:   compressed_dpeg_circular_temple
Lair:1:   layout_misc_corridors, minmay_lair_oklob_items, serial_bayou_lake_a,
          uniq_harold
Lair:2:   dragon1_lemuel, layout_chaotic_city, guppyfry_snake_entry_island,
          kennysheep_rathole, uniq_urug, uniq_fannar
Lair:3:   layout_loops_ring, roderic_carrion_pond, grunt_megastairs_5
Lair:4:   layout_layer_cave, elwin_shoals_entry_stream, serial_bayou,
          serial_bayou_lagoon_b, serial_bayou_pond_c, serial_bayou_pond_b,
          serial_bayou_pond_e, beast_lair_carwin_7
Lair:5:   layout_regular_city, dpeg_slime_entry_enclosed_altar
Lair:6:   minmay_lair_end_frog_pond, layout_long_grid
Orc:1:    layout_caves, basic_altar, trog_hazing_becter
Orc:2:    st_orc_elflike, layout_caves

Skill      XL: |  1  2  3  4  5  6  7  8  9 10 11 12 13 14 15 16 |
---------------+-------------------------------------------------+-----
Ice Magic      | 5 6 7 8 9 10 12 13 17 18 21 22 | 22.9
Fighting       | 3 5 8 9 10 | 10.0
Armour         | 3 4 |  4.1
Spellcasting   | 3 5 7 8 10 | 10.0
Stealth        | 2 3 |  3.1
Summonings     | 2 8 |  8.1
Evocations     | 1 4 6 |  6.0
Dodging        | 3 6 |  6.1
Necromancy     | 4 8 |  8.1

Action                   |  1- 3 |  4- 6 |  7- 9 | 10-12 | 13-15 | 16-18 || total
-------------------------+-------+-------+-------+-------+-------+-------++-------
Melee: Short sword       |    64 |    49 |   189 |   157 |       |       ||   459
       Halberd           |       |       |       |   311 |   487 |   173 ||   971
Throw: Dart              |     1 |     1 |    14 |    48 |    38 |     5 ||   107
 Cast: Freeze            |    21 |     1 |     7 |    11 |    31 |     7 ||    78
       Frozen Ramparts   |     5 |     7 |    37 |    77 |   146 |    52 ||   324
       Summon Ice Beast  |       |       |     5 |    51 |    72 |    23 ||   151
       Hailstorm         |       |       |       |     7 |     2 |    15 ||    24
Invok: Curse Item        |       |       |     2 |     1 |       |       ||     3
 Abil: Hop               |       |       |     1 |     1 |     3 |     1 ||     6
Evoke: Wand              |       |       |    12 |    10 |    13 |     5 ||    40
  Use: Scroll            |       |     5 |     7 |    11 |     3 |     4 ||    30
       Potion            |       |       |       |       |     2 |       ||     2
 Stab: Sleeping          |     1 |       |     1 |       |     1 |     1 ||     4
       Distracted        |       |       |       |     1 |     2 |     1 ||     4
       Paralysed         |       |       |       |       |       |     3 ||     3
  Eat: Chunk             |     5 |     3 |    13 |    29 |    31 |    15 ||    96
       Ration            |       |     1 |     2 |     3 |     4 |     1 ||    11
Armor: Robe              |     7 |       |       |       |       |       ||     7
       Ring mail         |       |    21 |    47 |       |       |       ||    68
       Leather armour    |       |       |    31 |   169 |   150 |    55 ||   405
Dodge: Dodged            |    67 |    22 |   150 |   489 |   490 |   174 ||  1392
Block: Other             |       |       |       |    35 |    40 |    18 ||    93
       Reflection        |       |       |       |     1 |     3 |     2 ||     6

Table legend:
 A = Non-vault XP
 B = Vault XP
 C = Vault XP percentage of total XP
 D = Non-vault monster count
 E = Vault monster count
 F = Vault count percentage of total count
                 A         B        C        D         E       F
            +---------+---------+-------+---------+---------+-------
      Total |   74405 |   52095 |  41.2 |     615 |     199 |  24.4
            +---------+---------+-------+---------+---------+-------
        D:1 |      37 |       2 |   5.1 |      24 |       2 |   7.7
        D:2 |      30 |      42 |  58.3 |      13 |       3 |  18.8
        D:3 |      33 |      44 |  57.1 |       7 |       5 |  41.7
        D:4 |     494 |       0 |   0.0 |      17 |       0 |   0.0
        D:5 |     386 |     182 |  32.0 |      13 |       1 |   7.1
        D:6 |    1366 |       0 |   0.0 |      29 |       0 |   0.0
        D:7 |     731 |       0 |   0.0 |      32 |       0 |   0.0
        D:8 |    2029 |    1747 |  46.3 |      49 |       8 |  14.0
        D:9 |    2341 |       0 |   0.0 |      35 |       0 |   0.0
       D:10 |    2961 |    5058 |  63.1 |      36 |      25 |  41.0
       D:11 |    3097 |    1415 |  31.4 |      30 |       5 |  14.3
       D:12 |    6414 |    2760 |  30.1 |      34 |       5 |  12.8
       D:13 |    7207 |    3148 |  30.4 |      47 |       9 |  16.1
       D:14 |    6267 |       0 |   0.0 |      28 |       0 |   0.0
       D:15 |       0 |    6661 | 100.0 |       0 |      13 | 100.0
     Lair:1 |    4992 |     657 |  11.6 |      20 |       1 |   4.8
     Lair:2 |    4720 |    3347 |  41.5 |      22 |      19 |  46.3
     Lair:3 |    5667 |    1466 |  20.6 |      28 |       8 |  22.2
     Lair:4 |    6863 |    4477 |  39.5 |      25 |      11 |  30.6
     Lair:5 |    3611 |       0 |   0.0 |      17 |       0 |   0.0
     Lair:6 |    6488 |   12849 |  66.4 |      21 |      53 |  71.6
      Orc:1 |    2403 |       9 |   0.4 |      28 |       6 |  17.6
      Orc:2 |    6268 |    8231 |  56.8 |      60 |      25 |  29.4
            +---------+---------+-------+---------+---------+-------
